 Dungeon Crawl Stone Soup version 0.28-a0-657-g71136c5590 (webtiles) character file.

Game seed: 18170769105321989738

8 jsc15 the Chopper (level 2, -4/27 HPs)
             Began as a Hill Orc Cinder Acolyte on Oct 13, 2021.
             Was a High Priest of Ignis.
             Slain by a gnoll (7 damage)
             ... on level 3 of the Dungeon.
             The game lasted 00:01:15 (170 turns).

jsc15 the Chopper (Hill Orc Cinder Acolyte)          Turns: 170, Time: 00:01:16

Health: -4/27      AC:  2    Str: 16    XL:     2   Next: 8%
Magic:  3/3        EV: 11    Int: 14    God:    Ignis [*****.]
Gold:   24         SH:  0    Dex:  6    Spells: 3/3 levels left

rFire   + . .      SeeInvis .   a - -1 hand axe (flame)
rCold   . . .      Faith    .   (no shield)
rNeg    . . .      Spirit   .   b - +0 robe
rPois   .          Reflect  .   (no helmet)
rElec   .          Harm     .   (no cloak)
rCorr   .          Rampage  .   (no gloves)
Will    .....                   (no boots)
Stlth   +.........              (no amulet)
HPRegen 0.09/turn               (no ring)
MPRegen 0.08/turn               (no ring)

@: no status effects
A: no striking features
a: Renounce Religion, Sea of Fire, Foxfire Swarm, Rising Flame


You were on level 3 of the Dungeon.
You worshipped Ignis.
Ignis was extremely pleased with you.
You visited 1 branch of the dungeon, and saw 3 of its levels.

You collected 24 gold pieces.

Inventory:

Hand Weapons
 a - a -1 hand axe of flaming (weapon)
 d - a +0 short sword
Armour
 b - a +0 robe (worn)
 c - a +0 ring mail


   Skills:
 + Level 3.7 Fighting
 + Level 4.2 Axes
 + Level 1.0 Spellcasting
 + Level 3.6 Fire Magic


You had 3 spell levels left.
You didn't know any spells.
Your spell library contained the following spells:

 Spells                   Type           Power      Damage    Failure   Level
 Scorch                   Fire           20%        2d6       9%          2


Dungeon Overview and Level Annotations

Branches:
Dungeon (3/15)

Altars:


Message History

Found a stone staircase leading down.
There is a stone staircase leading up here.
The quokka misses you.
You closely miss the quokka. The quokka barely misses you.
You hit the quokka. You burn the quokka.
You kill the quokka!
You see here a quokka corpse.
As you open the door, it creaks loudly!
An endoplasm comes into view.
Found 10 gold pieces.
The endoplasm quivers.
There is an open door here.
You enter the shallow water.
Moving in this stuff is going to be slow.
Why would you want to do that? Why would you want to do that?
Why would you want to do that?
Found 11 gold pieces.
You hear the slow rusting of a drain nearby.
The endoplasm hits you. The endoplasm hits you.
You slash the endoplasm! You burn the endoplasm.
You kill the endoplasm!
You have reached level 2!
You now have 24 gold pieces (gained 11).
A gnoll comes into view. It is wielding a +0 club.
The gnoll shouts!
You hear a shout!
A rat comes into view.
A gnoll comes into view. It is wielding a +0 spear.
You closely miss the rat. The rat bites you.
You hit the rat. You burn the rat.
You kill the rat!
You hit the gnoll. You burn the gnoll.
A gnoll comes into view. It is wielding a +0 club.
The gnoll hits you with a +0 club!
* * * LOW HITPOINT WARNING * * *
The gnoll hits you with a +0 club.
* * * LOW HITPOINT WARNING * * *
The gnoll hits you with a +0 spear!
You die...

#....# ##≈≈≈≈# ....#
#≈≈≈≈≈# #...#
#≈≈≈≈≈# #...#
##≈≈≈≈## #...#
#≈≈≈≈≈#
#...#######≈≈≈≈≈###
##.......88≈≈≈≈≈88..
#....#..............
##g@##..............
#.g###..88≈≈≈≈≈88..
≈≈..# #####≈≈≈≈#####
#....# #≈≈≈≈≈#
##...# #≈≈≈≈≈# #g..#
#≈≈≈≈## #...# ≈≈≈≈≈#
#...#


You could see 3 gnolls.

Vanquished Creatures
  A ball python (D:2)
  An endoplasm (D:3)
  2 quokkas
  A bat (D:2)
  A kobold (D:1)
  2 rats
8 creatures vanquished.

Notes
Turn   | Place    | Note
-------+----------+-------------------------------------------
     0 | D:1      | jsc15 the Hill Orc Cinder Acolyte began the quest for the
                  | Orb.
     0 | D:1      | Reached XP level 1. HP: 19/19 MP: 2/2
   146 | D:3      | Reached XP level 2. HP: 14/27 MP: 3/3
   170 | D:3      | Slain by a gnoll

Illustrated notes

Levels and vault maps discovered:
D:1:      amcnicky_arrival_underground_garden, layout_basic,
          hellmonk_ecumenical_altar_blasted
D:2:      layout_rooms, due_unseen_surprise
D:3:      wander_river, layout_basic, gup_sewer_entry_pipe,
          gammafunk_ghost_necromancy, minmay_shallow_snake_nest, uniq_sigmund

Action                   || total
-------------------------++-------
Melee: Hand axe          ||    17
  Use: Potion            ||     1
Armor: Robe              ||     6
Dodge: Dodged            ||    14

Table legend: (Time is in decaauts)
 A = Elapsed time spent in this place.
 B = Non-inter-level travel time spent in this place.
 C = Inter-level travel time spent in this place.
 D = Time resting spent in this place.
 E = Time spent auto-exploring this place.
 F = Levels seen in this place.
 G = Mean time per level.
                   A        B        C        D        E       F      G
               +--------+--------+--------+--------+--------+-----+--------+
         Total |    184 |    184 |      0 |      0 |      0 |   3 |   61.3 |
       Dungeon |    184 |    184 |      0 |      0 |      0 |   3 |   61.3 |
               +--------+--------+--------+--------+--------+-----+--------+

Top non-repeatable levels by time:
     D:3: 76 daAuts
     D:1: 62 daAuts
     D:2: 45 daAuts
